TOP OF THE 1ST |
Boise White Sox batting - Pitching for Washington DC Hot Sauce : RHP Adrián Sandoval
|
Pitching: RHP Adrián Sandoval
|
|
Batting: RHB Armando Vega
|
0-0: Fly out, F8 (Flyball, 8LM)
|
Batting: SHB Joey Boyd
|
0-0: Called Strike 0-1: Called Strike 0-2: Ball 1-2: Ball 2-2: Ball 3-2: Strikes out looking
|
Batting: RHB Roberto Ybarra
|
0-0: Called Strike 0-1: Ball 1-1: Foul Ball, location: 2F 1-2: Ball 2-2: Hit by Pitch
|
Batting: RHB Marcos Lińares
|
0-0: Ball 1-0: Called Strike 1-1: Ball 2-1: Ground out 5-3 (Groundball, 15S)
|
Top of the 1st over - 0 run(s), 0 hit(s), 0 error(s), 1 left on base; Boise 0 - Washington DC 0 |
BOTTOM OF THE 1ST |
Washington DC Hot Sauce batting - Pitching for Boise White Sox : LHP Jason Reece
|
Pitching: LHP Jason Reece
|
|
Batting: RHB Javier González
|
0-0: Foul Ball, location: 2F 0-1: Foul Ball, location: 2F 0-2: Foul Ball, location: 2F 0-2: Strikes out swinging
|
Batting: LHB John White
|
0-0: SINGLE (Groundball, 4MD)
|
Batting: RHB Júlio García
|
0-0: Called Strike 0-1: Ball 1-1: Foul Ball, location: 2F 1-2: Foul Ball, location: 2F 1-2: SINGLE (Flyball, 89S) John White to second
|
Batting: LHB Arturo Silva
|
0-0: Called Strike 0-1: Ground out 4-3 (Groundball, 4M) John White to third Júlio García to second
|
Batting: RHB Jesús Ramírez
|
0-0: Called Strike 0-1: Ball 1-1: Ball 2-1: SINGLE (Line Drive, 7LS) John White scores Júlio García to third Runner from 3rd tries for Home, throw and OUT!
|
Bottom of the 1st over - 1 run(s), 3 hit(s), 0 error(s), 1 left on base; Boise 0 - Washington DC 1 |
TOP OF THE 2ND |
Boise White Sox batting - Pitching for Washington DC Hot Sauce : RHP Adrián Sandoval
|
Batting: RHB Bennie McGrath
|
0-0: Ball 1-0: Called Strike 1-1: Called Strike 1-2: Ball 2-2: Ball 3-2: Base on Balls
|
Batting: RHB Pascal Bolzoni
|
0-0: Ball 1-0: Ball 2-0: Called Strike 2-1: Swinging Strike 2-2: Ball 3-2: Foul Ball, location: 2F 3-2: Foul Ball, location: 2F 3-2: Strikes out swinging
|
Batting: RHB Dennis House
|
0-0: Ball 1-0: Foul Ball, location: 2F 1-1: Ball 2-1: Foul Ball, location: 2F 2-2: Strikes out swinging
|
Batting: RHB Don Miller
|
0-0: Ball 1-0: Reached on error, E5 (Groundball, 56S) Bennie McGrath to third
|
Batting: RHB Don Jackson
|
0-0: Foul Ball, location: 2F 0-1: Called Strike 0-2: Ball 1-2: Foul Ball, location: 2F 1-2: Foul Ball, location: 2F 1-2: Ball 2-2: Strikes out swinging
|
Top of the 2nd over - 0 run(s), 0 hit(s), 1 error(s), 2 left on base; Boise 0 - Washington DC 1 |
BOTTOM OF THE 2ND |
Washington DC Hot Sauce batting - Pitching for Boise White Sox : LHP Jason Reece
|
Batting: RHB Jake Reeves
|
0-0: Ball 1-0: Ball 2-0: Swinging Strike 2-1: Ball 3-1: SINGLE (Groundball, 25) (infield hit)
|
Batting: RHB Conner Riley
|
0-0: Ball Wild Pitch! Jake Reeves to second 1-0: Ball 2-0: Ball 3-0: Called Strike 3-1: Base on Balls
|
Batting: LHB Roderick Delgado
|
0-0: Called Strike 0-1: Called Strike 0-2: Ball 1-2: SINGLE (Groundball, 4M) Jake Reeves to third Conner Riley to second
|
Batting: LHB Esteban Zamora
|
0-0: Fielders Choice at 2nd, 3-6 (Groundball, 34) Jake Reeves scores Conner Riley to third
|
Batting: RHB Javier González
|
0-0: Called Strike 0-1: Ball 1-1: Ball 2-1: SINGLE (Groundball, 4MD) (infield hit) Conner Riley scores Esteban Zamora to second
|
Batting: LHB John White
|
0-0: Swinging Strike 0-1: Foul Ball, location: 2F 0-2: Strikes out swinging
|
Batting: RHB Júlio García
|
0-0: Foul Ball, location: 2F 0-1: Hit by Pitch Esteban Zamora to third Javier González to second
|
Batting: LHB Arturo Silva
|
0-0: Ball 1-0: Ball 2-0: Called Strike 2-1: Ball 3-1: Called Strike 3-2: Base on Balls Esteban Zamora scores Javier González to third Júlio García to second
|
Batting: RHB Jesús Ramírez
|
0-0: Foul Ball, location: 2F 0-1: Foul Ball, location: 2F 0-2: Ball 1-2: Ball 2-2: Foul Ball, location: 2F 2-2: Ball 3-2: Strikes out swinging
|
Bottom of the 2nd over - 3 run(s), 3 hit(s), 0 error(s), 3 left on base; Boise 0 - Washington DC 4 |
TOP OF THE 3RD |
Boise White Sox batting - Pitching for Washington DC Hot Sauce : RHP Adrián Sandoval
|
Batting: RHB Armando Vega
|
0-0: Ball 1-0: Fly out, F9 (Flyball, 89M)
|
Batting: SHB Joey Boyd
|
0-0: Called Strike 0-1: Ground out 6-3 (Groundball, 56)
|
Batting: RHB Roberto Ybarra
|
0-0: Fly out, F9 (Line Drive, 9M)
|
Top of the 3rd over - 0 run(s), 0 hit(s), 0 error(s), 0 left on base; Boise 0 - Washington DC 4 |
BOTTOM OF THE 3RD |
Washington DC Hot Sauce batting - Pitching for Boise White Sox : LHP Jason Reece
|
Batting: RHB Jake Reeves
|
0-0: Called Strike 0-1: Swinging Strike 0-2: Fly out, F7 (Flyball, 7S)
|
Batting: RHB Conner Riley
|
0-0: Ball 1-0: Foul Ball, location: 2F 1-1: Ball 2-1: Ball 3-1: Base on Balls
|
Batting: LHB Roderick Delgado
|
0-0: Called Strike 0-1: Called Strike 0-2: Foul Ball, location: 2F 0-2: Foul Ball, location: 2F 0-2: Fly out, F7 (Flyball, 7LM)
|
Batting: LHB Esteban Zamora
|
0-0: Called Strike 0-1: Ball 1-1: Swinging Strike 1-2: SINGLE (Groundball, 6MD) Conner Riley to second
|
Batting: RHB Javier González
|
0-0: Ball 1-0: Ball 2-0: Foul Ball, location: 2F 2-1: Foul Ball, location: 2F 2-2: Reached on error, E6 (Groundball, 6M) Conner Riley to third Esteban Zamora to second
|
Batting: LHB John White
|
0-0: Swinging Strike 0-1: Foul Ball, location: 2F 0-2: Ball 1-2: Ball 2-2: Foul Ball, location: 2F 2-2: Ball 3-2: Foul Ball, location: 2F 3-2: Strikes out looking
|
Bottom of the 3rd over - 0 run(s), 1 hit(s), 1 error(s), 3 left on base; Boise 0 - Washington DC 4 |
TOP OF THE 4TH |
Boise White Sox batting - Pitching for Washington DC Hot Sauce : RHP Adrián Sandoval
|
Batting: RHB Marcos Lińares
|
0-0: Ground out 1-3 (Groundball, 13S)
|
Batting: RHB Bennie McGrath
|
0-0: Called Strike 0-1: Ball 1-1: Ball 2-1: Swinging Strike 2-2: Foul Ball, location: 2F 2-2: Hit by Pitch
|
Batting: RHB Pascal Bolzoni
|
0-0: Ball 1-0: SINGLE (Groundball, 56) Bennie McGrath to second
|
Batting: RHB Dennis House
|
0-0: Ball 1-0: Ball 2-0: Called Strike 2-1: Ball 3-1: Base on Balls Bennie McGrath to third Pascal Bolzoni to second
|
Batting: RHB Don Miller
|
0-0: Ball 1-0: Ball 2-0: Swinging Strike 2-1: Foul Ball, location: 2F 2-2: Strikes out swinging
|
Batting: RHB Don Jackson
|
0-0: Ball 1-0: Foul Ball, location: 2F 1-1: Swinging Strike 1-2: Ball 2-2: Foul Ball, location: 2F 2-2: Strikes out swinging
|
Top of the 4th over - 0 run(s), 1 hit(s), 0 error(s), 3 left on base; Boise 0 - Washington DC 4 |
BOTTOM OF THE 4TH |
Washington DC Hot Sauce batting - Pitching for Boise White Sox : LHP Jason Reece
|
Pitching: RHP Geoffrey Rogers
|
|
Batting: RHB Júlio García
|
0-0: Ball 1-0: Foul Ball, location: 2F 1-1: Ground out 4-3 (Groundball, 4)
|
Batting: LHB Arturo Silva
|
0-0: Ball 1-0: Swinging Strike 1-1: Ball 2-1: Ball 3-1: Fly out, F7 (Flyball, 7LS)
|
Batting: RHB Jesús Ramírez
|
0-0: Called Strike 0-1: Foul Ball, location: 2F 0-2: Ball 1-2: Fly out, F8 (Flyball, 8RS)
|
Bottom of the 4th over - 0 run(s), 0 hit(s), 0 error(s), 0 left on base; Boise 0 - Washington DC 4 |
TOP OF THE 5TH |
Boise White Sox batting - Pitching for Washington DC Hot Sauce : RHP Adrián Sandoval
|
Batting: RHB Armando Vega
|
0-0: Ball 1-0: Ball 2-0: Ball 3-0: Called Strike 3-1: DOUBLE (Flyball, 9LM)
|
Batting: SHB Joey Boyd
|
0-0: Ball 1-0: Ground out 4-3 (Groundball, 4) Armando Vega to third
|
Pitching: RHP Chet Miller
|
|
Batting: RHB Roberto Ybarra
|
0-0: Called Strike 0-1: Swinging Strike 0-2: Ball 1-2: Ball 2-2: Foul Ball, location: 2F 2-2: Fly out, F3 (Popup, 3S)
|
Batting: RHB Marcos Lińares
|
0-0: Ball 1-0: Ball 2-0: Fly out, F9 (Flyball, 9M)
|
Top of the 5th over - 0 run(s), 1 hit(s), 0 error(s), 1 left on base; Boise 0 - Washington DC 4 |
BOTTOM OF THE 5TH |
Washington DC Hot Sauce batting - Pitching for Boise White Sox : RHP Geoffrey Rogers
|
Batting: RHB Jake Reeves
|
0-0: Ball 1-0: Foul Ball, location: 2F 1-1: Ball 2-1: Foul Ball, location: 2F 2-2: Ball 3-2: Foul Ball, location: 2F 3-2: Foul Ball, location: 2F 3-2: Foul Ball, location: 2F 3-2: Foul Ball, location: 2F 3-2: Foul Ball, location: 2F 3-2: Strikes out swinging
|
Batting: RHB Conner Riley
|
0-0: Called Strike 0-1: Ball 1-1: Foul Ball, location: 2F 1-2: Ball 2-2: Foul Ball, location: 2F 2-2: Strikes out swinging
|
Batting: LHB Roderick Delgado
|
0-0: Foul Ball, location: 2F 0-1: Ball 1-1: SOLO HOME RUN (Flyball, 9D), Distance : 381 ft
|
Batting: LHB Esteban Zamora
|
0-0: Ball 1-0: Called Strike 1-1: Ball 2-1: Foul Ball, location: 2F 2-2: Ball 3-2: Foul Ball, location: 2F 3-2: Foul Ball, location: 2F 3-2: Foul Ball, location: 2F 3-2: Foul Ball, location: 2F 3-2: Foul Ball, location: 2F 3-2: Foul Ball, location: 2F 3-2: Base on Balls
|
Batting: RHB Javier González
|
0-0: Ball 1-0: Called Strike 1-1: Called Strike 1-2: DOUBLE (Line Drive, 78M) Esteban Zamora to third Runner from 3rd tries for Home, SAFE, no throw or cutoff
|
Batting: LHB John White
|
0-0: Ball 1-0: Ball 2-0: SINGLE (Line Drive, 6) Javier González to third
|
Batting: RHB Júlio García
|
0-0: Called Strike 0-1: Fly out, F7 (Line Drive, 7M)
|
Bottom of the 5th over - 2 run(s), 3 hit(s), 0 error(s), 2 left on base; Boise 0 - Washington DC 6 |
TOP OF THE 6TH |
Boise White Sox batting - Pitching for Washington DC Hot Sauce : RHP Chet Miller
|
Batting: RHB Bennie McGrath
|
0-0: Swinging Strike 0-1: Called Strike 0-2: Ball 1-2: Ball 2-2: Foul Ball, location: 2F 2-2: Strikes out swinging
|
Batting: RHB Pascal Bolzoni
|
0-0: Called Strike 0-1: Swinging Strike 0-2: Strikes out swinging
|
Batting: RHB Dennis House
|
0-0: Ball 1-0: Swinging Strike 1-1: Ball 2-1: Called Strike 2-2: Ball 3-2: Foul Ball, location: 2F 3-2: Foul Ball, location: 2F 3-2: Ground out 4-3 (Groundball, 4M)
|
Top of the 6th over - 0 run(s), 0 hit(s), 0 error(s), 0 left on base; Boise 0 - Washington DC 6 |
BOTTOM OF THE 6TH |
Washington DC Hot Sauce batting - Pitching for Boise White Sox : RHP Geoffrey Rogers
|
Pitching: RHP Edward Robinson
|
|
Batting: LHB Arturo Silva
|
0-0: Ball 1-0: Swinging Strike 1-1: Foul Ball, location: 2F 1-2: Ball 2-2: Ball 3-2: Strikes out swinging
|
Batting: RHB Jesús Ramírez
|
0-0: Ball 1-0: Called Strike 1-1: Foul Ball, location: 2F 1-2: Foul Ball, location: 2F 1-2: Ball 2-2: Ball 3-2: Foul Ball, location: 2F 3-2: Base on Balls
|
Batting: RHB Jake Reeves
|
0-0: Called Strike 0-1: Ball 1-1: Called Strike 1-2: Strikes out swinging
|
Batting: RHB Conner Riley
|
0-0: Swinging Strike 0-1: Called Strike 0-2: Ball 1-2: Foul Ball, location: 2F 1-2: Strikes out swinging
|
Bottom of the 6th over - 0 run(s), 0 hit(s), 0 error(s), 1 left on base; Boise 0 - Washington DC 6 |
TOP OF THE 7TH |
Boise White Sox batting - Pitching for Washington DC Hot Sauce : RHP Chet Miller
|
Batting: RHB Don Miller
|
0-0: Foul Ball, location: 2F 0-1: Ball 1-1: Ball 2-1: Ball 3-1: Foul Ball, location: 2F 3-2: Strikes out swinging
|
Pitching: LHP Brett French
|
|
Batting: RHB Don Jackson
|
0-0: Foul Ball, location: 2F 0-1: Swinging Strike 0-2: Strikes out looking
|
Batting: RHB Armando Vega
|
0-0: Ball 1-0: Fly out, F9 (Flyball, 9M)
|
Top of the 7th over - 0 run(s), 0 hit(s), 0 error(s), 0 left on base; Boise 0 - Washington DC 6 |
BOTTOM OF THE 7TH |
Washington DC Hot Sauce batting - Pitching for Boise White Sox : RHP Edward Robinson
|
Batting: LHB Roderick Delgado
|
0-0: Called Strike 0-1: Foul Ball, location: 2F 0-2: Strikes out swinging
|
Batting: LHB Esteban Zamora
|
0-0: Called Strike 0-1: Ball 1-1: Ball 2-1: Swinging Strike 2-2: Foul Ball, location: 2F 2-2: Ball 3-2: Foul Ball, location: 2F 3-2: Foul Ball, location: 2F 3-2: Base on Balls
|
Pitching: RHP Pedro Luque
|
|
Batting: RHB Javier González
|
0-0: SINGLE (Groundball, 6M) Esteban Zamora to second Runner from 2nd tries for 3rd, SAFE, throw made to third
|
Batting: LHB John White
|
0-0: Called Strike 0-1: Fly out, F3 (Popup, 23F)
|
Batting: RHB Júlio García
|
0-0: Called Strike 0-1: Swinging Strike 0-2: Strikes out swinging
|
Bottom of the 7th over - 0 run(s), 1 hit(s), 0 error(s), 2 left on base; Boise 0 - Washington DC 6 |
TOP OF THE 8TH |
Boise White Sox batting - Pitching for Washington DC Hot Sauce : LHP Brett French
|
Batting: SHB Joey Boyd
|
0-0: Fly out, F9 (Flyball, 89M)
|
Batting: RHB Roberto Ybarra
|
0-0: Foul Ball, location: 2F 0-1: Ball 1-1: Foul Ball, location: 2F 1-2: Ball 2-2: Fly out, F4 (Line Drive, 4)
|
Batting: RHB Marcos Lińares
|
0-0: Ball 1-0: Ground out 1-3 (Groundball, 25)
|
Top of the 8th over - 0 run(s), 0 hit(s), 0 error(s), 0 left on base; Boise 0 - Washington DC 6 |
BOTTOM OF THE 8TH |
Washington DC Hot Sauce batting - Pitching for Boise White Sox : RHP Pedro Luque
|
Batting: LHB Arturo Silva
|
0-0: Ball 1-0: Called Strike 1-1: Ball 2-1: Ball 3-1: Foul Ball, location: 2F 3-2: SINGLE (Groundball, 6M)
|
Batting: RHB Jesús Ramírez
|
0-0: Ball 1-0: Fly out, F9 (Flyball, 89M)
|
Batting: RHB Jake Reeves
|
0-0: Ball 1-0: Swinging Strike 1-1: SINGLE (Groundball, 56D) Arturo Silva to second
|
Batting: RHB Conner Riley
|
0-0: Called Strike 0-1: Ball 1-1: SINGLE (Groundball, 56) Arturo Silva to third Jake Reeves to second Runner from 3rd tries for Home, SAFE, throw made home Jake Reeves to third Conner Riley to second
|
Batting: LHB Roderick Delgado
|
0-0: Ball 1-0: Called Strike 1-1: Swinging Strike 1-2: Foul Ball, location: 2F 1-2: Foul Ball, location: 2F 1-2: Foul Ball, location: 2F 1-2: Ball 2-2: Fly out, F7 (Flyball, 7S)
|
Batting: LHB Esteban Zamora
|
0-0: Called Strike 0-1: Foul Ball, location: 2F 0-2: Ball 1-2: Ball 2-2: Ball 3-2: Strikes out looking
|
Bottom of the 8th over - 1 run(s), 3 hit(s), 0 error(s), 2 left on base; Boise 0 - Washington DC 7 |
TOP OF THE 9TH |
Boise White Sox batting - Pitching for Washington DC Hot Sauce : LHP Brett French
|
Now at C: Manuel Martínez
|
|
Now at 3B: Juan Vélez
|
|
Batting: RHB Bennie McGrath
|
0-0: Called Strike 0-1: Ball 1-1: Swinging Strike 1-2: Strikes out swinging
|
Batting: RHB Pascal Bolzoni
|
0-0: Called Strike 0-1: Ball 1-1: Called Strike 1-2: Strikes out swinging
|
Pinch Hitting: SHB Norberto Muńóz
|
0-0: Called Strike 0-1: Ball 1-1: Ball 2-1: Called Strike 2-2: Fly out, F9 (Flyball, 9M)
|
Top of the 9th over - 0 run(s), 0 hit(s), 0 error(s), 0 left on base; Boise 0 - Washington DC 7 |
|